AoeStats
← PUNISHER

Arena

510498023Analyzed
1v1 RM · 2d ago on Oct 1, 2026· 23m 49s· 2 players
Game mode
Random Map
Map size
Tiny (2 player)
Population
200
Speed
Normal
Resources
Standard
Victory
Conquest
Starting age
Dark Age
Ending age
Imperial Age
RankedLock teamsTeams togetherTeam positionsShared explorationLock speedFull tech treeHidden civsTurbo modeCheats
Victory
Defeat
🇹🇷 Turks · Türkiye
849
+17
🇯🇵 Portuguese · Japan
879
-17
sho
0:27 Loom
12:09 Feudal Age
16:04 Castle Age
14:38 Stone Mining
15:16 Double-Bit Axe
15:23 Horse Collar
23:02 Bow Saw
PUNISHER
4:46 Loom
11:51 Feudal Age
12:21 Town Watch
12:23 Double-Bit Axe
12:44 Gold Mining
18:20 Castle Age
16:37 Horse Collar
19:04 Fletching
19:14 Padded Archer Armor
24:40 Leather Archer Armor
Connection lost

Rejoining the realm…

Still unreachable

The connection could not be restored.

Session expired

The server has moved on; the page needs a fresh start.